woodfighter, chaotic female orcish Cavewoman ----- |...--- |.....-- |......| --..)u.| |.%.%.- --..@.... ...D...[. .%...%... ....... woodfighter the Young Cave Woman Experience level: 6 Strength: 18/01 Dexterity: 12 Constitution: 16 Intelligence: 8 Wisdom: 11 Charisma: 9 Health: 0(52) Energy: 22(22) Def: 2 Gold: 290 Moves: 1697 Dungeon seed: LlLAYM__eSOxPBpK Game ID: woodfighter_1475614034 Your Inventory: Coins $ - 290 gold pieces Weapons a - a +1 club (weapon in hand) b - a blessed +2 sling (alternate weapon; not wielded) A - a +0 dwarvish spear Armor n - an uncursed +0 dwarvish cloak q - an uncursed +0 leather armor (being worn) r - an uncursed +0 pair of iron shoes w - an uncursed +0 dwarvish cloak x - an uncursed +0 dwarvish cloak y - a cursed -1 dwarvish cloak z - a blessed +0 cloak of invisibility B - an uncursed +0 dwarvish iron helm C - an uncursed +1 pair of iron shoes E - an uncursed +0 dwarvish cloak F - a cursed -2 dwarvish cloak G - an uncursed +0 pair of iron shoes N - an uncursed +0 dwarvish cloak Y - an uncursed +0 pair of iron shoes Comestibles d - 2 uncursed fortune cookies h - an uncursed mango m - an uncursed orange o - an uncursed tripe ration v - an uncursed candy bar Scrolls g - 2 uncursed scrolls of scare monster i - 2 uncursed scrolls of identify l - an uncursed scroll of scare monster p - an uncursed scroll of light s - a blessed scroll of light Potions j - a cursed potion of gain energy k - an uncursed potion of speed Tools t - a can of grease (0:2) u - a +0 pick-axe D - a can of grease (0:6) Gems e - 13 uncursed flints (in quiver) Spells and supernatural/magical abilities: Name Level Category Fail Memory W - pray for help -- divine ? -- Your skills at the end: Miscellaneous Skills bare handed combat [Basic] Weapon Skills scimitar [Basic] club [Basic] sling [Basic] Spellcasting Skills Final Attributes: You were piously aligned. You were poison resistant. You had infravision. You were somewhat stealthy. You are dead. Vanquished creatures: a dwarf king a dog a dwarf lord 4 gnome lords a puppy 4 dwarves a jitterbug 2 hobbits 3 giant rats 13 gnomes 4 jackals a fox 4 newts 4 sewer rats 5 grid bugs 2 lichens 2 kobold zombies 53 creatures vanquished. Voluntary challenges: You did not adorn yourself with jewelry or accessories. You did not cause conflict. You were not invisible. You did not have reflection. You were not displaced. You were an atheist. You used a wielded weapon 69 times, starting on turn 37. You did not use tools. You did not use plumbed fixtures. You did not drink any magical draughts. You were illiterate. You never genocided any monsters. You never polymorphed an object. You never changed form. You used no wishes. You never split a pudding. You never wrote Elbereth's name. You never violated your personal moral code. Dungeon overview: The Dungeons of Doom: levels 1 to 3 Level 1 a fountain, a sink a long staircase Level 2 a fountain stairs to The Gnomish Mines Level 3 a fountain The Gnomish Mines: levels 3 to 8 Level 3 stairs to The Dungeons of Doom Level 4 Level 8 <- You were here History has recorded: On T:1 you entered the Dungeons of Doom to retrieve the Amulet of Yendor! On T:266 you reached level 3 of The Dungeons of Doom. On T:476 you reached level 2 of The Dungeons of Doom. On T:643 you advanced to experience level 2. On T:801 you reached level 1 of The Gnomish Mines. On T:931 you advanced to experience level 3. On T:978 you advanced to experience level 4. On T:1047 you advanced to experience level 5. On T:1080 you reached level 2 of The Gnomish Mines. On T:1636 you reached level 6 of The Gnomish Mines. On T:1668 you advanced to experience level 6. Score breakdown: Gold: 290 ( 29 points) Experience: 6 levels ( 500 points) Exploration: 8 levels ( 210 points) Discoveries: 12 items ( 600 points) Variety of kills: 17 monsters ( 850 points) Major goal: (nothing yet) ( 0 points) Survival: died (score multiplied by 3) Total score: 6567 Latest messages: You are beginning to feel hungry. You kill the dwarf! Welcome to experience level 6. F - a hooded cloak. There are a few more objects here. G - a pair of hard shoes. This lichen corpse tastes terrible! You stop eating. You finish eating the lichen corpse. You drop an uncursed egg. You stop exploring. (2x) The jar crashes on your head and breaks into shards. This burns a little! The gnome lord wields a cursed dagger! The dagger welds itself to the gnome lord's hand! You hit the gnome lord! The gnome lord thrusts his dagger at the cavewoman. The gnome lord stabs you! You kill the gnome lord! You hit the baby red dragon! The baby red dragon bites! You hit the baby red dragon! (2x) The baby red dragon bites! You die... Final status: Goodbye woodfighter the Cavewoman, killed by a baby red dragon... You died in The Gnomish Mines on dungeon level 8 with 6567 points, and 290 pieces of gold, after 1697 moves. You were level 6 with a maximum of 52 hit points when you died.